 Dungeon Crawl Stone Soup version 0.31-a0-214-gb37851dbb3 (webtiles) character file.

Game seed: 335042166235105236

151 qw the Shooter (level 5, -1/45 HPs)
             Began as a Minotaur Hexslinger on July 1, 2023.
             Slain by a cerulean imp
             ... wielding a +1 spear
             ... summoned by Natasha
              (3 damage)
             ... on level 3 of the Dungeon.
             The game lasted 00:00:46 (1825 turns).

qw the Shooter (Minotaur Hexslinger)                Turns: 1825, Time: 00:00:47

Health: -1/45      AC:  6    Str: 13    XL:     5   Next: 11%
Magic:  5/5        EV: 11    Int: 10    God:
Gold:   72         SH:  0    Dex: 14    Spells: 5/6 levels left

rFire   . . .        Y - +2 sling
rCold   . . .        (no shield)
rNeg    . . .        a - +0 ring mail
rPois   .            (helmet restricted)
rElec   .            (no cloak)
rCorr   .            j - +0 pair of gloves
SInv    .            (no boots)
Will    .....        (no amulet)
Stlth   +            (no ring)
HPRegen 0.27/turn    (no ring)
MPRegen 0.09/turn

%: no passive effects
@: slowed, very slow
A: horns 2, retaliatory headbutt
a: no special abilities


You were on level 3 of the Dungeon.
You visited 1 branch of the dungeon, and saw 3 of its levels.

You collected 72 gold pieces.


Innate Abilities, Weirdness & Mutations

You have a pair of horns on your head.
You reflexively headbutt those who attack you in melee.


   Skills:
 - Level 3.0 Fighting
 + Level 5.1 Ranged Weapons
 - Level 1.0 Armour
 - Level 2.1 Dodging
 - Level 1.0 Spellcasting
 - Level 2.0 Hexes


You had 5 spell levels left.
You knew the following spells:

 Your Spells              Type           Power      Damage    Failure   Level
a - Slow                  Hex            16%        N/A       32%         1

Your spell library contained the following spells:

 Spells                   Type           Power      Damage    Failure   Level
 Inner Flame              Hex/Fire       2%         N/A       82%         3
 Portal Projectile        Hex/Tloc       4%         N/A       82%         3
 Cause Fear               Hex            2%         N/A       97%         4

Inventory:

Hand Weapons
 Y - a +2 sling (weapon)
Armour
 a - a +0 ring mail (worn)
 j - a +0 pair of gloves (worn)
Potions
 d - 2 potions of haste
 f - a potion of curing {unknown}

Dungeon Overview and Level Annotations

Branches:
Dungeon (3/15)

Altars:

Shops:
D:3 (

Annotations:
D:3 1 runed translucent door, Crazy Yiuf, Natasha


Message History

You shoot a sling bullet. The sling bullet hits the cerulean imp.
The cerulean imp is severely wounded.
The cerulean imp hits you from afar with a +2 spear.
Natasha misses you. The cerulean imp barely misses you.
The cerulean imp closely misses you.
You shoot a sling bullet.
The sling bullet closely misses Natasha.
The sling bullet barely misses the cerulean imp.
The cerulean imp closely misses you. Natasha barely misses you.
The cerulean imp hits you from afar with a +1 spear.
The cerulean imp barely misses you. Natasha claws you.
The cerulean imp closely misses you.
You shoot a sling bullet. The sling bullet hits Natasha.
Natasha is heavily wounded.
The cerulean imp hits you from afar with a +2 spear.
Natasha claws you but does no damage. The cerulean imp closely misses you.
Natasha barely misses you.
The cerulean imp hits you but does no damage.
You shoot a sling bullet.
The sling bullet closely misses Natasha.
The sling bullet barely misses the cerulean imp.
The cerulean imp barely misses you. x2; Natasha claws you.
The cerulean imp hits you from afar with a +1 spear.
The cerulean imp misses you. Natasha claws you.
You shoot a sling bullet. The sling bullet hits Natasha.
Natasha is almost dead.
The cerulean imp hits you from afar with a +1 spear.
The cerulean imp hits you from afar with a +2 spear.
Natasha growls.
Natasha casts a spell at you.
You feel as though you will be slow longer.
The cerulean imp hits you from afar with a +1 spear.
The cerulean imp closely misses you. Natasha casts a spell at you.
The magic dart hits you but does no damage.
You shoot a sling bullet.
The sling bullet hits Natasha but does no damage.
Natasha is almost dead.
The cerulean imp hits you from afar with a +1 spear.
You die...

.................#
.#####..#.....#..#
.# #..##%..##..#
.# ##.#.#.###..#
.# ##...## #..###
.# ##.## #....# .#
#.# ##.#.# .# #.#
#.#.# .########.#
#@#.# .##.......#
#h#.# ....#######
55#.# ..### ...#.#
#.# #>..#.# #.#
..... #.# ......
#.#### #......
#....#


You could see Natasha and 2 cerulean imps.

Vanquished Creatures
  8 gnolls
  2 adders (D:2)
  A dart slug (D:2)
  3 endoplasms
  2 giant cockroaches
  7 goblins
  6 hobgoblins
  4 jackals (D:1)
  2 kobolds (D:2)
  A quokka (D:1)
  4 ball pythons
  4 bats
  7 frilled lizards
  7 rats
58 creatures vanquished.

Notes
Turn   | Place    | Note
-------+----------+-------------------------------------------
     0 | D:1      | qw the Minotaur Hexslinger began the quest for the Orb.
     0 | D:1      | Reached XP level 1. HP: 16/16 MP: 1/1
     0 | D:1      | 0 ||| qw: Version: 0.3-a-32-g5962c71
     0 | D:1      | 0 ||| qw: Game counter: 7580
     0 | D:1      | 0 ||| qw: Melee chars always use a shield: true
     0 | D:1      | 0 ||| qw: God list: Okawaru
     0 | D:1      | 0 ||| qw: Allow faded altars: false
     0 | D:1      | 0 ||| qw: Do Orc after clearing Dungeon:15 true
     0 | D:1      | 0 ||| qw: Do second Lair branch before Depths: true
     0 | D:1      | 0 ||| qw: Lair rune preference: random
     0 | D:1      | 0 ||| qw: Goals: Normal
     0 | D:1      | 0 ||| PLANNING D:1-11
   174 | D:1      | Reached skill level 3 in Ranged Weapons
   175 | D:1      | Reached XP level 2. HP: 23/23 MP: 2/2
   624 | D:1      | Reached XP level 3. HP: 28/29 MP: 3/3
   697 | D:1      | 697 ||| UPGRADING to +0 leather armour.
   707 | D:1      | 707 ||| DROPPING +0 robe.
   708 | D:1      | 708 ||| UPGRADING to +0 pair of gloves.
   713 | D:1      | 713 ||| READING scroll labelled ZOAXO COMIARPH.
   714 | D:1      | 714 ||| READING scroll labelled ROUFAFFARHO.
   715 | D:1      | 715 ||| READING scroll labelled AGAKKI XAYDEVO.
   716 | D:1      | 716 ||| DROPPING scroll of poison.
  1166 | D:2      | Reached skill level 4 in Ranged Weapons
  1262 | D:2      | Reached XP level 4. HP: 36/36 MP: 4/4
  1283 | D:2      | 1283 ||| FLEEEEING.
  1294 | D:2      | Reached skill level 5 in Ranged Weapons
  1528 | D:2      | 1528 ||| UPGRADING to +0 ring mail.
  1538 | D:2      | 1538 ||| DROPPING +0 leather armour.
  1539 | D:2      | 1539 ||| READING scroll labelled NOTYMU CIAXULY.
  1540 | D:2      | 1540 ||| READING scroll labelled NAORUA WUGGAO.
  1541 | D:2      | 1541 ||| DRINKING 3 green potions.
  1599 | D:3      | Found Gutrief's Weapon Boutique.
  1619 | D:3      | Reached skill level 1 in Armour
  1637 | D:3      | Reached skill level 3 in Fighting
  1637 | D:3      | Reached XP level 5. HP: 22/45 MP: 5/5
  1704 | D:3      | 1704 ||| FLEEEEING.
  1705 | D:3      | 1705 ||| FLEEEEING.
  1765 | D:3      | Found a runed translucent door.
  1766 | D:3      | Noticed Crazy Yiuf
  1814 | D:3      | Noticed Natasha
  1824 | D:3      | HP: 8/45 [cerulean imp/+1 spear[Natasha] (5)]
  1824 | D:3      | HP: 2/45 [cerulean imp/+1 spear[Natasha] (2)]
  1825 | D:3      | Slain by a cerulean imp

Levels and vault maps discovered:
D:1:      matt_arrival_spirals, layout_basic, st_stairs_8
D:2:      layout_basic, serial_park_tiny_1
D:3:      layout_loops_ring, serial_shops, nicolae_shop_bloodbath_and_beyond,
          gammafunk_ghost_smash, uniq_crazy_yiuf_cottage, uniq_natasha

Skill      XL: |  1  2  3  4 |
---------------+-------------+-----
Ranged Weapons | 3 4 5 |  5.1
Fighting       | 2 3 |  3.0
Armour         | 1 |  1.0
Dodging        | |  2.1
Spellcasting   | |  1.0
Hexes          | |  2.0

Action                     |  1- 3 |  4- 6 || total
---------------------------+-------+-------++-------
   Fire: Sling             |   127 |    54 ||   181
    Use: Scroll            |     3 |     2 ||     5
         Potion            |       |     1 ||     1
 Armour: Robe              |     7 |       ||     7
         Leather armour    |     7 |       ||     7
         Ring mail         |       |     6 ||     6
  Dodge: Dodged            |    44 |    33 ||    77

Table legend:
 A = Non-vault XP
 B = Vault XP
 C = Vault XP percentage of total XP
 D = Non-vault monster count
 E = Vault monster count
 F = Vault count percentage of total count
                 A         B        C        D         E       F
            +---------+---------+-------+---------+---------+-------
      Total |     215 |       2 |   0.9 |      56 |       2 |   3.4
            +---------+---------+-------+---------+---------+-------
        D:1 |      43 |       2 |   4.4 |      26 |       2 |   7.1
        D:2 |     112 |       0 |   0.0 |      23 |       0 |   0.0
        D:3 |      60 |       0 |   0.0 |       7 |       0 |   0.0
            +---------+---------+-------+---------+---------+-------
